 Dungeon Crawl Stone Soup version 0.30.1 (webtiles) character file.

Game seed: 15725452349431311695

273 monsoonserge the Trooper (level 6, -4/41 HPs)
             Began as a Gargoyle Fighter on July 6, 2023.
             Was an Initiate of Makhleb.
             Slain by a shadow imp (5 damage)
             ... summoned by Eustachio
             ... on level 4 of the Dungeon.
             The game lasted 00:08:32 (2645 turns).

monsoonserge the Trooper (Gargoyle Fighter)         Turns: 2645, Time: 00:08:34

Health: -4/41      AC: 19    Str: 21      XL:     6   Next: 24%
Magic:  6/6        EV:  7    Int:  9      God:    Makhleb [......]
Gold:   121        SH:  7    Dex:  7 (9)  Spells: 5/5 levels left

rFire   . . .        a - +0 war axe
rCold   . . .        k - +0 kite shield
rNeg    + + .        B - +2 chain mail {rN+}
rPois   ∞            (no helmet)
rElec   +            y - scarf {+Inv}
rCorr   .            (no gloves)
SInv    +            (no boots)
Will    .....        (no amulet) Stlth
                     e - ring of see invisible
HPRegen 0.26/turn    w - +4 ring of protection
MPRegen 0.10/turn

%: no passive effects
@: no status effects
A: sickness immunity, AC +4, negative energy resistance 1, electricity
resistance, torment resistance 1, petrification resistance
a: Renounce Religion, Evoke Invisibility


You were on level 4 of the Dungeon.
You worshipped Makhleb.
Makhleb was noncommittal.
You visited 1 branch of the dungeon, and saw 4 of its levels.

You collected 160 gold pieces.
You spent 39 gold pieces at shops.

Inventory:

Hand Weapons
 a - a +0 war axe (weapon)
Missiles
 j - 4 boomerangs (quivered)
Armour
 b - a +0 scale mail
 c - a +0 buckler
 k - a +0 kite shield (worn)
 y - a scarf of invisibility (worn)
 B - a +2 chain mail of positive energy (worn)
Jewellery
 e - a ring of see invisible (left hand)
 n - a ring of resist corrosion
 w - a +4 ring of protection (right hand)
Wands
 A - a wand of polymorph (2)
Scrolls
 g - a scroll of blinking {unknown}
 h - a scroll of acquirement {unknown}
 i - 2 scrolls of enchant armour {unknown}
 l - 2 scrolls of identify {unknown}
 m - 3 scrolls of noise {unknown}
 q - 2 scrolls of amnesia {unknown}
 u - 2 scrolls of magic mapping {unknown}
 v - a scroll of vulnerability {unknown}
 x - a scroll of teleportation {unknown}
Potions
 d - 2 potions of might
 f - a potion of flight {unknown}
 o - a potion of heal wounds {unknown}
 p - a potion of lignification {unknown}
 r - 3 potions of curing
 s - a potion of haste {unknown}
 t - a potion of cancellation {unknown}


   Skills:
 + Level 5.9 Fighting
 - Level 2.0 Axes
 + Level 1.3 Throwing
 + Level 4.1 Armour
 + Level 1.1 Dodging
 - Level 4.0 Shields


You had 5 spell levels left.
You didn't know any spells.
Your spell library contained the following spells:

 Spells                   Type           Power      Damage    Failure   Level
 Ozocubu's Armour         Ice            0%         N/A       100%        3
 Metabolic Englaciation   Hex/Ice        0%         N/A       100%        5
 Simulacrum               Ice/Necr       0%         N/A       100%        6


Dungeon Overview and Level Annotations

Branches:
Dungeon (4/15)             Temple (0/1) D:4

Altars:
Makhleb
Sif Muna
Trog

Shops:
D:3 !

Annotations:
D:4 2 runed translucent doors, Eustachio; zzuzz's ghost, amateur DjFE


Innate Abilities, Weirdness & Mutations

You are immune to sickness and miasma.
Your stone body is resilient. (AC +4)
You are immune to poison.
You resist negative energy. (rN+)
You are resistant to electric shocks. (rElec)
You are resistant to unholy torment.
You are immune to petrification.


Message History

The quasit closely misses you. The ufetubus barely misses you.
The ufetubus hits you but does no damage.
You block the shadow imp's attack.
Throw: 4 boomerangs
Press: ? - help, Q - select action, (/) - cycle Shift-Dir - straight line, f/p - Eustachio
Aim: Eustachio, wielding a +0 falchion and wearing a +0 leather armour (almost dead, 43% to hit)
You throw a boomerang. The boomerang closely misses Eustachio.
The ufetubus hits you but does no damage.
The ufetubus closely misses you.
Eustachio screams, "This atrocity can only be purified with blood!"
Eustachio mumbles some strange words.
Eustachio blinks!
You block the quasit's attack. x2
The quasit barely misses you.
The shadow imp hits you but does no damage.
You block the ufetubus's attack. The ufetubus hits you.
* * * LOW HITPOINT WARNING * * *
The quasit completely misses you.
The quasit claws you but does no damage. x2
Throw: 4 boomerangs
Press: ? - help, Q - select action, (/) - cycle Shift-Dir - straight line, f/p - Eustachio
Aim: Eustachio, wielding a +0 falchion and wearing a +0 leather armour (almost dead, 43% to hit)
You throw a boomerang. The boomerang barely misses Eustachio.
The ufetubus hits you.
* * * LOW HITPOINT WARNING * * *
The ufetubus hits you but does no damage.
The quasit barely misses you.
The quasit claws you but does no damage. x2
The shadow imp barely misses you. You block the ufetubus's attack. x2
Throw: 4 boomerangs
Press: ? - help, Q - select action, (/) - cycle Shift-Dir - straight line, f/p - Eustachio
Aim: Eustachio, wielding a +0 falchion and wearing a +0 leather armour (almost dead, 43% to hit)
You throw a boomerang.
The boomerang completely misses Eustachio.
The quasit completely misses you. You block the quasit's attack.
The quasit claws you.
* * * LOW HITPOINT WARNING * * *
You feel clumsy.
The ufetubus hits you but does no damage.
The ufetubus barely misses you. The shadow imp hits you.
You die...

.. ## ..# ##..
#@.##.. #..#..#
#..#..# #..#..#
#..#5.# ###
#..@..# ##..#
##5(5)## ##....
####†.####..#
#..)..@..# #
#..#.....######.
#.###......#....
#.##
#.(##......# ...
#..####....##
...# #..##
##......


You could see Eustachio, a quasit (summoned), a shadow imp (summoned) and an
ufetubus (summoned).

Vanquished Creatures
  A scorpion (D:3)
  A jelly (D:2)
  A gnoll bouda (D:3)
  Terence (D:3)
  4 gnolls
  2 adders (D:4)
  A worm (D:2)
  3 dart slugs
  3 orcs
  5 ball pythons
  7 endoplasms
  2 giant cockroaches
  4 hobgoblins
  5 kobolds
  2 quokkas (D:3)
  A bat (D:2)
  2 frilled lizards
  2 goblins
  3 rats (D:1)
50 creatures vanquished.

Notes
Turn   | Place    | Note
-------+----------+-------------------------------------------
     0 | D:1      | monsoonserge the Gargoyle Fighter began the quest for the
                  | Orb.
     0 | D:1      | Reached XP level 1. HP: 14/14 MP: 1/1
   212 | D:1      | Reached XP level 2. HP: 14/19 MP: 2/2
   881 | D:2      | Reached XP level 3. HP: 15/24 MP: 3/3
  1037 | D:2      | Reached skill level 4 in Fighting
  1037 | D:2      | Reached XP level 4. HP: 13/29 MP: 4/4
  1456 | D:3      | Found a bloodstained altar of Trog.
  1479 | D:3      | Found a burning altar of Makhleb.
  1489 | D:3      | Became a worshipper of Makhleb the Destroyer
  1571 | D:3      | Reached XP level 5. HP: 25/34 MP: 5/5
  1648 | D:3      | Reached skill level 5 in Fighting
  1648 | D:3      | Reached skill level 1 in Throwing
  1648 | D:3      | Reached skill level 1 in Dodging
  1764 | D:3      | Noticed Terence
  1790 | D:3      | Killed Terence
  1943 | D:3      | Found Zulacoh's Distillery.
  1951 | D:3      | Bought a potion of curing for 39 gold pieces
  2363 | D:3      | Reached XP level 6. HP: 31/41 MP: 6/6
  2437 | D:4      | Found a staircase to the Ecumenical Temple.
  2504 | D:4      | Found a shimmering blue altar of Sif Muna.
  2571 | D:4      | Found a large runed translucent door.
  2571 | D:4      | Found a large runed translucent door.
  2572 | D:4      | Noticed zzuzz's ghost (amateur DjFE)
  2595 | D:4      | Noticed Eustachio
  2627 | D:4      | HP: 2/41 [Eustachio/+0 falchion (5)]
  2644 | D:4      | HP: 2/41 [ufetubus[Eustachio] (2)]
  2645 | D:4      | Slain by a shadow imp

Illustrated notes

Levels and vault maps discovered:
D:1:      amcnicky_arrival_wind_blow, layout_basic
D:2:      layout_basic
D:3:      minmay_skewed_foursquare, layout_basic, mainiacjoe_overflow_alcove_4,
          lemuel_round_altar, serial_shops, nicolae_shop_hallway_stairs,
          kennysheep_generic_room_8, uniq_terence
D:4:      layout_layer_cave, general_overflow_altar,
          nicolae_overflow_crystal_walls, minmay_temple_entry_grid,
          ebering_ghost_disaster_area, minmay_ogre_servants, uniq_eustachio

Skill      XL: |  1  2  3  4  5 |
---------------+----------------+-----
Axes           | 2 |  2.0
Fighting       | 4 5 |  5.9
Shields        | 4 |  4.0
Armour         | 4 |  4.1
Throwing       | 1 |  1.3
Dodging        | 1 |  1.1

Action                     |  1- 3 |  4- 6 || total
---------------------------+-------+-------++-------
  Melee: War axe           |    87 |   104 ||   191
         Unarmed           |       |     8 ||     8
  Throw: Boomerang         |     1 |    21 ||    22
         Dart              |       |     2 ||     2
    Use: Potion            |       |     1 ||     1
 Armour: Scale mail        |    30 |       ||    30
         Chain mail        |    12 |   139 ||   151
  Dodge: Dodged            |    29 |    88 ||   117
  Block: Buckler           |     7 |       ||     7
         Kite shield       |    20 |    84 ||   104
